 Dungeon Crawl Stone Soup version 0.30-a0-568-g124715a40b (webtiles) character file.

Game seed: 4526740081416106432

23457 sokol815 the Unseen (level 13, -1/86 HPs)
             Began as a Kobold Delver on Dec 28, 2022.
             Was an Initiate of Gozag.
             Killed from afar by Azrael (19 damage)
             ... with damnation
             ... on level 12 of the Dungeon.
             The game lasted 00:31:52 (15177 turns).

sokol815 the Unseen (Kobold Delver)                Turns: 15177, Time: 00:31:53

Health: -1/86      AC: 11    Str:  8    XL:     13   Next: 35%
Magic:  13/13      EV: 24    Int: 11    God:    Gozag
Gold:   1332       SH:  7    Dex: 21    Spells: 12/12 levels left

rFire   + . .      SeeInvis .    a - +9 rapier of the Puckish God {pain, rElec rC++ rN+ Str-2}
rCold   + + +      Faith    .    O - +0 buckler
rNeg    + + .      Spirit   .    h - +2 robe {rN+}
rPois   +          Reflect  .    w - +0 helmet
rElec   +          Harm     .    Q - +0 cloak
rCorr   +          Rampage  .    K - +0 pair of gloves
Will    .....                    (no boots)
Stlth   +++++++                  (no amulet)
HPRegen 0.34/turn                A - +4 ring of protection
MPRegen 0.13/turn                z - +5 ring of evasion

@: mighty, resistant, gold aura, hasted, very quick
A: small, no large weapons, nightstalker 3
a: Renounce Religion, Potion Petition, Call Merchant, Bribe Branch


You were on level 12 of the Dungeon.
You worshipped Gozag.
Gozag was most pleased with you.
You visited 3 branches of the dungeon, and saw 15 of its levels.
You also visited: Ossuary.

You collected 3408 gold pieces.
You paid 2076 gold pieces to Gozag.

Inventory:

Hand Weapons
 a - the +9 rapier of the Puckish God (weapon) {pain, rElec rC++ rN+ Str-2}
   (You acquired it on level 5 of the Dungeon)

   In the hands of one skilled in necromantic magic, it inflicts extra damage on
   living creatures.
   Str:       It affects your strength (-2).
   rC:        It greatly protects you from cold.
   rElec:     It insulates you from electricity.
   rN:        It protects you from negative energy.
 g - a +3 dagger of speed
   (You took it off Dowan on level 5 of the Dungeon)
 n - the +5 long sword of Watchfulness {chaos, Drain rElec Int-5 Stlth+}
   (You took it off a meliai on level 10 of the Dungeon)

   Each time it hits an enemy it has a different, random effect.
   Int:       It affects your intelligence (-5).
   rElec:     It insulates you from electricity.
   Drain:     It drains your maximum health when unequipped.
   Stlth:     It makes you more stealthy.
 v - a +2 vampiric dagger
   (You took it off an orc priest on level 9 of the Dungeon)
 N - the +8 scimitar "Niebu" {flame, rPois Int+3 Dex-3}
   (You found it on level 7 of the Dungeon)

   It burns those it strikes, dealing additional fire damage.
   Big, fiery blades are also staple armaments of hydra-hunters.
   Int:       It affects your intelligence (+3).
   Dex:       It affects your dexterity (-3).
   rPois:     It protects you from poison.
 Z - a +2 dagger of electrocution
   (You took it off an orc wizard on level 7 of the Dungeon)
Missiles
 k - 4 throwing nets {!d}
 x - 3 curare-tipped darts
Armour
 h - a +2 robe of positive energy (worn)
   (You took it off Dowan on level 5 of the Dungeon)
 w - a +0 helmet (worn)
   (You took it off Robin on level 2 of the Dungeon)
 K - a +0 pair of gloves (worn)
   (You found it on level 2 of the Dungeon)
 O - a +0 buckler (worn)
   (You took it off a gnoll sergeant on level 10 of the Dungeon)
 Q - a +0 cloak (worn)
   (You took it off Crazy Yiuf on level 4 of the Dungeon)
Jewellery
 c - a ring of ice {rC+, rF-}
   (You took it off an orc wizard on level 10 of the Dungeon)
 m - a ring of magical power {MP+9}
   (You found it on level 9 of the Dungeon)
 r - a ring of flight {+Fly, !d}
   (You found it on level 3 of the Dungeon)
 s - a ring of magical power {MP+9}
   (You found it on level 2 of the Dungeon)
 z - a +5 ring of evasion (right hand)
   (You found it on level 1 of the Dungeon)
 A - a +4 ring of protection (left hand)
   (You found it on level 5 of the Dungeon)
 W - a ring of willpower
   (You found it on level 2 of the Dungeon)
Wands
 d - a wand of digging (3)
 e - a wand of charming (18)
   (You found it on level 7 of the Dungeon)
 p - a wand of light (6)
   (You found it on level 4 of the Dungeon)
 q - a wand of flame (45)
   (You took it off Ijyb on level 3 of the Dungeon)
 y - a wand of mindburst (12)
   (You found it on level 4 of the Dungeon)
 F - a wand of roots (24)
   (You found it on level 4 of the Dungeon)
Scrolls
 f - 4 scrolls of identify {@r1}
 i - a scroll of brand weapon
 j - 3 scrolls of enchant armour
 o - 2 scrolls of poison {!r}
 t - 2 scrolls of amnesia
 C - 3 scrolls of enchant weapon
 D - a scroll of blinking {!r}
 E - 3 scrolls of fear
 S - a scroll of summoning
 T - 6 scrolls of fog
 V - a scroll of vulnerability {!r!r}
 X - 4 scrolls of magic mapping {@r4!r}
 Y - 5 scrolls of teleportation {@r3}
Potions
 b - 2 potions of magic
 u - 3 potions of attraction {!q}
 B - 2 potions of brilliance
 G - a potion of ambrosia {!q}
 H - 3 potions of haste
 I - a potion of invisibility
 J - 6 potions of curing {@q1}
 L - a potion of flight
 M - 3 potions of might
 P - 5 potions of lignification {!q}
 U - 3 potions of mutation {!q}
Miscellaneous
 l - a condenser vane
   (You found it on level 10 of the Dungeon)


   Skills:
 - Level 12.0 Fighting
 - Level 14.0 Short Blades
 + Level 7.3 Dodging
 - Level 15.0 Stealth
 - Level 4.0 Shields
 - Level 10.0 Necromancy


You had 12 spell levels left.
You didn't know any spells.
Your spell library contained the following spells:

 Spells                   Type           Power      Damage    Failure   Level
 Kiss of Death            Conj/Necr      44%        2d8       7%          1
 Freeze                   Ice            0%         1d3       45%         1
 Blink                    Tloc           0%         N/A       61%         2
 Scorch                   Fire           0%         2d5       61%         2
 Frozen Ramparts          Ice            0%         1d1       83%         3
 Gell's Gravitas          Tloc           0%         N/A       83%         3
 Hailstorm                Conj/Ice       0%         3d3       83%         3
 Mephitic Cloud           Conj/Pois/Air  0%         N/A       83%         3
 Ozocubu's Armour         Ice            0%         N/A       83%         3
 Portal Projectile        Hex/Tloc       0%         N/A       83%         3
 Stone Arrow              Conj/Erth      0%         3d7       83%         3
 Teleport Other           Tloc           0%         N/A       83%         3
 Tukima's Dance           Hex            0%         N/A       83%         3
 Animate Armour           Summ/Erth      0%         N/A       99%         4
 Flame Wave               Conj/Fire      0%         2d4       99%         4
 Iskenderun's Mystic Bla  Conj/Tloc      0%         2d3       99%         4
 Manifold Assault         Tloc           0%         N/A       99%         4
 Blade Hands              Tmut           0%         N/A       100%        5
 Freezing Cloud           Conj/Ice/Air   0%         6-21      100%        5
 Dispersal                Tloc           0%         N/A       100%        6
 Summon Cactus Giant      Summ           0%         N/A       100%        6
 Ozocubu's Refrigeration  Ice            0%         4d7       100%        7
 Storm Form               Tmut/Air       0%         N/A       100%        7
 Lehudib's Crystal Spear  Conj/Erth      0%         10d2      100%        8


Dungeon Overview and Level Annotations

Branches:
Dungeon (12/15) Zot: 26671  Temple (1/1) D:5 Zot: 5749    Lair (2/5) D:9 Zot: 10051
    Orc (0/2) D:10        Ossuary (visited)
  Swamp: Lair:2-3    Shoals: Lair:2-3     Snake: Lair:2-3    Spider: Lair:2-3

Altars:
Ashenzari
Cheibriados
Dithmenos
Gozag
Nemelex Xobeh
Okawaru
Ru
Vehumet
Wu Jian
Xom
Yredelemnul
Zin

Shops:
D:9 [[   D:11 (

Annotations:
D:11 1 runed translucent door, billz999's ghost, journeyman GnNe
D:12 Azrael


Innate Abilities, Weirdness & Mutations

You are small and have problems with some larger weapons.
You are completely attuned to the shadows.


Message History

The blast of flame hits you. You resist.
* * * LOW HITPOINT WARNING * * *
You take 1 damage, and have 22/86 hp.
You hit the hell hound. The hell hound bites you.
* * * LOW HITPOINT WARNING * * *
You bump into the rock wall.
The hell hound breathes flames at you. The blast of flame misses you.
You regained 5 hp, and now have 27/86 hp.
You hit the hell hound. The hell hound closely misses you.
You regained 2 hp, and now have 29/86 hp.
You closely miss the hell hound.
You feel less invigorated.
You feel less confused. The hell hound barely misses you.
You regained 3 hp, and now have 32/86 hp.
You puncture the hell hound! The hell hound breathes flames at you.
The blast of flame hits you! You resist.
* * * LOW HITPOINT WARNING * * *
You take 7 damage, and have 25/86 hp.
You hit the hell hound.
You kill the hell hound! [a] - 325 gold - heal wounds, berserk rage and curing [b] - 230 gold - resistance [c] - 450 gold - haste and heal wounds Purchase which effect? [a] - 325 gold - heal wounds, berserk rage and curing [b] - 230 gold - resistance [c] - 450 gold - haste and heal wounds Purchase which effect? [a] - 325 gold - heal wounds, berserk rage and curing [b] - 230 gold - resistance [c] - 450 gold - haste and heal wounds Purchase which effect? [a] - 325 gold - heal wounds, berserk rage and curing [b] - 230 gold - resistance [c] - 450 gold - haste and heal wounds Purchase which effect? [a] - 325 gold - heal wounds, berserk rage and curing [b] - 230 gold - resistance [c] - 450 gold - haste and heal wounds Purchase which effect?
You feel yourself speed up.
You feel much better. The hell hound barely misses you.
The hell hound is distracted by your dazzling golden aura.
Azrael gestures at you.
The bolt of fire hits the hell hound.
The hell hound completely resists.
The hell hound is no longer distracted by gold.
The hell hound barks!
The bolt of fire hits the hell hound.
The hell hound completely resists.
The bolt of fire misses you.
You regained 22 hp, and now have 47/86 hp.
You barely miss the hell hound. You hit the hell hound.
The hell hound breathes flames at you. The blast of flame hits you. You resist.
You take 5 damage, and have 42/86 hp.
You hit the hell hound. The hell hound misses you.
You hit the hell hound. You puncture the hell hound!
You puncture the hell hound!
You kill the hell hound!
Azrael gestures at you.
The bolt of fire hits the hell hound.
The hell hound completely resists.
The bolt of fire misses you.
You hit the hell hound.
The hell hound bites you but does no damage.
You miss the hell hound.
Unknown command.
You hit the hell hound. The hell hound barely misses you.
You puncture the hell hound!
You hit the hell hound but do no damage.
The hell hound closely misses you. Azrael gestures at you.
The bolt of fire misses the hell hound.
The bolt of fire hits you! You resist.
You take 9 damage, and have 34/86 hp.
You closely miss the hell hound. You barely miss the hell hound.
The hell hound bites you.
You take 2 damage, and have 32/86 hp.
You puncture the hell hound!
Azrael blows smoke rings.
The hell hound completely misses you.
You hit the hell hound but do no damage.
You puncture the hell hound!
You kill the hell hound!
Azrael gestures at you.
The sphere of damnation explodes!
The damnation engulfs you!!
* * * LOW HITPOINT WARNING * * *
You take 24 damage, and have 9/86 hp.
MASSIVE DAMAGE!!
You feel better.
You regained 8 hp, and now have 17/86 hp.
Azrael misses you.
You see here 20 gold pieces.
You feel very mighty all of a sudden.
M - 3 potions of might;
b - 2 potions of magic Azrael gestures at you.
The sphere of damnation explodes!
The damnation engulfs you!!
You die...
Your body crumbles into a pile of gold.

### #.# ############ #.#
#..........# #.#
#..........# #.#
#..........#
###.#########..........#
..........)......##'##.#
.....###########.#...#.#
.....# #@#...#.# .....#
#R#...#.# .....#
#.#####.# . ####..☼....#
. .........[.# .
...........# .
######.....# . #.....# .
+.....#####


You could see Azrael (resistant).

Vanquished Creatures
  A catoblepas (Lair:1)
  2 boulder beetles
  A centaur warrior (D:10)
  3 two-headed ogres
  2 death yaks
  An ugly thing (D:10)
  A deep elf pyromancer (D:10)
  A cyclops (D:10)
  A manticore (D:10)
  A gargoyle (D:11)
  A cane toad (Lair:1)
  5 komodo dragons
  A kobold demonologist (D:12)
  A rime drake (Lair:1)
  A yaktaur (D:10)
  A meliai (D:10)
  7 trolls
  2 hornets
  Sigmund (D:2)
  A vampire (D:12)
  2 centaur simulacra (D:10)
  A shadow (D:9)
  4 wyverns
  A hog (shapeshifter) (D:10)
  22 yaks
  4 fire elementals (D:12)
  2 steam dragons
  Edmund (D:4)
  Duvessa (D:5)
  3 water moccasins
  3 acid dragons
  4 hell hounds (D:12)
  2 ice beasts (D:6)
  2 black bears
  7 orc warriors
  7 centaurs
  4 wolves
  2 phantoms
  2 kobold brigands
  5 bullfrogs
  2 scorpions
  5 gnoll sergeants
  2 necrophages
  Dowan (D:5)
  9 killer bees
  An electric eel (D:9)
  7 howler monkeys
  Crazy Yiuf (D:4)
  2 gnoll boudas (D:7)
  9 orc priests
  6 hounds
  5 iguanas
  2 jellies (D:6)
  Ijyb (D:3)
  12 orc wizards
  Robin (D:2)
  A mummy (Ossuary)
  8 adders
  20 gnolls
  A shadow imp (D:6)
  2 white imps
  3 worms
  A dart slug (D:5)
  37 orcs
  3 spectral bats (Ossuary)
  4 ball pythons
  8 endoplasms
  A giant cockroach (D:1)
  12 gnoll zombies (Ossuary)
  10 hobgoblins
  2 jackals (D:3)
  5 quokkas
  5 bats
  4 bat simulacra (Ossuary)
  A frilled lizard (D:1)
  10 goblins (D:2)
  4 goblin simulacra (Ossuary)
  6 goblin zombies (Ossuary)
  2 hobgoblin zombies (Ossuary)
  12 kobolds
  3 kobold simulacra (Ossuary)
  7 kobold zombies (Ossuary)
  3 orc zombies (Ossuary)
  5 rats
  4 rat simulacra (Ossuary)
  2 spectral goblins (Ossuary)
  3 spectral kobolds (Ossuary)
  2 spectral rats (Ossuary)
371 creatures vanquished.

Vanquished Creatures (others)
  A fungus (Lair:2)
  123 plants
124 creatures vanquished.

Grand Total: 495 creatures vanquished

Notes
Turn   | Place    | Note
-------+----------+-------------------------------------------
     0 | D:5      | sokol815 the Kobold Delver began the quest for the Orb.
     0 | D:5      | Reached XP level 1. HP: 14/14 MP: 1/1
    50 | D:5      | Found a broken altar of Ashenzari.
    55 | D:5      | Noticed Duvessa
    55 | D:5      | Noticed Dowan
    88 | D:5      | Noticed an iguana
    99 | D:5      | Killed an iguana
   100 | D:5      | Reached skill level 3 in Short Blades
   100 | D:5      | Reached skill level 3 in Dodging
   100 | D:5      | Reached XP level 2. HP: 16/20 MP: 2/2
   100 | D:5      | Reached XP level 3. HP: 20/24 MP: 3/3
   139 | D:5      | Reached skill level 7 in Stealth
   139 | D:5      | Reached XP level 4. HP: 14/29 MP: 4/4
   202 | D:5      | Found a sand-covered staircase.
   218 | Ossuary  | Entered an ossuary
   427 | Ossuary  | Reached skill level 4 in Short Blades
   529 | Ossuary  | Reached XP level 5. HP: 33/33 MP: 5/5
   769 | D:5      | Found a staircase to the Ecumenical Temple.
   810 | D:5      | Identified a scroll of acquirement
   810 | D:5      | Acquired the +9 rapier of the Puckish God {pain, rElec rC++
                  | rN+ Str-2}
   820 | D:5      | HP: 5/30 [Dowan] (6)]
   825 | D:5      | HP: 3/30 [Duvessa/+0 short sword (6)]
   833 | Temple   | Entered the Ecumenical Temple
   959 | Temple   | Became a worshipper of Gozag Ym Sagoz the Greedy
   982 | Temple   | Reached skill level 5 in Short Blades
  1098 | D:5      | Killed Duvessa
  1099 | D:5      | Reached skill level 7 in Short Blades
  1099 | D:5      | Reached XP level 6. HP: 25/38 MP: 6/6
  1117 | D:5      | Killed Dowan
  1411 | D:4      | Noticed Edmund
  1415 | D:4      | Killed Edmund
  1416 | D:4      | Reached skill level 8 in Short Blades
  1416 | D:4      | Reached XP level 7. HP: 42/42 MP: 7/7
  1715 | D:4      | Reached skill level 1 in Necromancy
  2281 | D:3      | Reached skill level 2 in Necromancy
  2284 | D:3      | Reached skill level 9 in Short Blades
  2381 | D:2      | Noticed Robin
  2388 | D:2      | Killed Robin
  3322 | D:2      | Noticed Sigmund
  3326 | D:2      | Killed Sigmund
  3327 | D:2      | Reached skill level 3 in Necromancy
  3327 | D:2      | Reached XP level 8. HP: 48/48 MP: 8/8
  3348 | D:2      | Found a faded altar of an unknown god.
  3906 | D:3      | Found a snail-covered altar of Cheibriados.
  3972 | D:3      | Reached skill level 4 in Necromancy
  4071 | D:3      | Noticed Ijyb
  4075 | D:3      | Killed Ijyb
  4932 | D:4      | Found a runed translucent door.
  4933 | D:4      | Identified the +7 hammer of the Pure Leylines {freeze,
                  | MP+9}
  4935 | D:4      | Noticed Crazy Yiuf
  4940 | D:4      | Killed Crazy Yiuf
  5100 | D:5      | Reached skill level 5 in Necromancy
  5359 | D:5      | Reached skill level 10 in Short Blades
  5641 | D:6      | Noticed a hornet
  5645 | D:6      | Killed a hornet
  5646 | D:6      | Reached skill level 6 in Necromancy
  5646 | D:6      | Reached XP level 9. HP: 52/52 MP: 9/9
  5883 | D:6      | Found a sparkling altar of Nemelex Xobeh.
  5884 | D:6      | Found an iron altar of Okawaru.
  5884 | D:6      | Found a shadowy altar of Dithmenos.
  5885 | D:6      | Found a sacrificial altar of Ru.
  5915 | D:6      | Reached skill level 7 in Necromancy
  6127 | D:6      | Reached skill level 11 in Short Blades
  6136 | D:6      | Noticed a two-headed ogre
  6141 | D:6      | Killed a two-headed ogre
  6142 | D:6      | Reached skill level 8 in Necromancy
  6292 | D:7      | Reached XP level 10. HP: 56/56 MP: 10/10
  6307 | D:7      | Identified the +8 scimitar "Niebu" {flame, rPois Int+3
                  | Dex-3}
  6385 | D:7      | Reached skill level 9 in Necromancy
  6520 | D:7      | Reached skill level 12 in Short Blades
  7284 | D:8      | Reached skill level 10 in Necromancy
  7465 | D:8      | Reached skill level 13 in Short Blades
  7742 | D:8      | Reached skill level 14 in Short Blades
  7996 | D:8      | Reached skill level 8 in Stealth
  8427 | D:9      | Reached skill level 9 in Stealth
  8496 | D:9      | Noticed a two-headed ogre
  8520 | D:8      | Reached XP level 11. HP: 41/60 MP: 11/11
  8594 | D:8      | Killed a two-headed ogre
  8595 | D:8      | Reached skill level 10 in Stealth
  8795 | D:9      | Reached skill level 11 in Stealth
  8809 | D:9      | Found a staircase to the Lair.
  8816 | D:9      | HP: 9/60 [yak (7)]
  8831 | D:9      | HP: 13/60 [yak (10)]
  8837 | D:9      | Reached skill level 12 in Stealth
  9108 | D:9      | Found a radiant altar of Vehumet.
  9138 | D:9      | Found a glowing silver altar of Zin.
  9450 | D:9      | Reached skill level 13 in Stealth
  9567 | D:10     | Entered Level 10 of the Dungeon
  9782 | D:10     | Found a staircase to the Orcish Mines.
  9842 | D:10     | Noticed a boulder beetle
  9845 | D:10     | Reached skill level 14 in Stealth
  9854 | D:10     | Killed a boulder beetle
  9855 | D:10     | Reached skill level 1 in Shields
 10019 | D:10     | Noticed a centaur warrior
 10027 | D:10     | Reached skill level 2 in Shields
 10028 | D:10     | HP: 15/60 [centaur warrior/arrow (24)]
 10030 | D:10     | HP: 1/60 [orc priest/divine providence (9)]
 10039 | D:10     | HP: 9/60 [centaur warrior (1)]
 10042 | D:10     | Killed a centaur warrior
 10131 | D:10     | Noticed a cyclops
 10135 | D:10     | Killed a cyclops
 10136 | D:10     | Reached skill level 3 in Shields
 10247 | D:10     | Reached skill level 15 in Stealth
 10247 | D:10     | Reached XP level 12. HP: 66/66 MP: 12/12
 10248 | D:10     | Identified the +5 long sword of Watchfulness {chaos, Drain
                  | rElec Int-5 Stlth+}
 10256 | D:10     | Reached skill level 4 in Shields
 10256 | D:10     | Reached skill level 4 in Fighting
 10399 | D:10     | Reached skill level 5 in Fighting
 10439 | D:10     | Reached skill level 6 in Fighting
 10633 | D:10     | Reached skill level 7 in Fighting
 10640 | D:10     | HP: 17/72 [centaur warrior simulacrum (6)]
 11070 | D:10     | Noticed a two-headed ogre
 11072 | D:10     | Killed a two-headed ogre
 11073 | D:10     | Reached skill level 8 in Fighting
 11308 | D:10     | Got the Directory of the Disturbing Friends
 11413 | D:10     | Identified the +10 shortbow of the Freezing Gods {heavy,
                  | Fly rPois}
 11799 | Lair:1   | Entered Level 1 of the Lair of Beasts
 11826 | Lair:1   | Noticed a catoblepas
 11847 | Lair:1   | Killed a catoblepas
 11848 | Lair:1   | Reached skill level 9 in Fighting
 12142 | Lair:1   | Reached skill level 10 in Fighting
 12865 | Lair:1   | Reached skill level 11 in Fighting
 12865 | Lair:1   | Reached XP level 13. HP: 84/84 MP: 13/13
 13403 | Lair:2   | HP: 7/84 [death yak (21)]
 14178 | D:11     | Found Famey's Weapon Shoppe.
 14192 | D:11     | Reached skill level 12 in Fighting
 14236 | D:11     | Found a runed translucent door.
 14237 | D:11     | Found a shimmering altar of Xom.
 14237 | D:11     | Noticed billz999's ghost (journeyman GnNe)
 14303 | D:11     | Reached skill level 4 in Dodging
 14971 | D:12     | Reached skill level 5 in Dodging
 15098 | D:12     | Reached skill level 6 in Dodging
 15106 | D:12     | Noticed Azrael
 15124 | D:12     | Reached skill level 7 in Dodging
 15130 | D:12     | HP: 7/86 [Azrael/fireball (34)]
 15141 | D:12     | HP: 15/86 [hell hound/blast of flame[Azrael] (9)]
 15146 | D:12     | HP: 21/86 [hell hound[Azrael] (6)]
 15174 | D:12     | HP: 9/86 [Azrael/damnation (24)]
 15177 | D:12     | Killed from afar by Azrael

Illustrated notes

Levels and vault maps discovered:
D:1:      dpeg_arrival_pits, layout_rooms, serial_forest,
          infiniplex_forest_straight_3, infiniplex_forest_lined_room_2,
          infiniplex_forest_clump_small, infiniplex_forest_lined_corner,
          infiniplex_forest_straight_1, infiniplex_forest_lined_1,
          infiniplex_forest_corner_1, infiniplex_forest_clump_tiny,
          infiniplex_forest_straight_2
D:2:      layout_loops_ring, shapermc_ecumenical_altar_starsandcircs,
          uniq_robin, uniq_sigmund
D:3:      layout_basic, mainiacjoe_overflow_six_doors_small,
          grunt_ministairs_13, minmay_misc_feat_plants, uniq_ijyb
D:4:      layout_loops_corners, patterned_corridor, uniq_edmund,
          uniq_crazy_yiuf_cottage
D:5:      layout_basic, nicolae_ashenzari_panopticon, temple_pool_b,
          nicolae_ossuary_entry_monument, dreamdust_wishing_well, uniq_duvessa
D:6:      minmay_chambers_of_fours, layout_cave_pools,
          chequers_temple_overflow_statue_of_worship, minmay_misc_feat_tower
D:7:      layout_cave_pools, serial_gnoll_camp, gnoll_camp_mini_hut,
          gnoll_camp_mini_loothouse, gnoll_camp_mini_house, gnoll_camp_mini_hut
D:8:      layout_basic
D:9:      layout_rooms, mainiacjoe_overflow_large_starburst,
          david_lair_shrubbed, serial_bayou_lagoon_a
D:10:     nzn_winding_woodlands_large [nzn_winding_woodlands_5x5_perimeter,
          nzn_winding_woodlands_5x15_jagged,
          nzn_winding_woodlands_5x5_open_star,
          nzn_winding_woodlands_center_diamonds,
          nzn_winding_woodlands_15x15_five_gardens,
          nzn_winding_woodlands_center_triple_pond,
          nzn_winding_woodlands_5x5_three,
          nzn_winding_woodlands_5x15_split_checker,
          nzn_winding_woodlands_5x5_closed_star], layout_loops_ring, david_orc_4
D:11:     layout_irregular_city, ebering_ghost_xom, serial_shops,
          nicolae_take_the_stairs
D:12:     layout_irregular_city, serial_shops, nicolae_shop_trees,
          kennysheep_little_box, minmay_misc_feat_diagonals, uniq_azrael
Temple:   nicolae_temple_bog_church
Lair:1:   layout_long_grid, grunt_megastairs_2, serial_bayou_shore_a
Lair:2:   layout_chaotic_city, guppyfry_snake_entry_island, serial_forest,
          infiniplex_forest_clump_double, infiniplex_forest_lined_ring,
          infiniplex_forest_fountain, infiniplex_forest_clump_C,
          infiniplex_forest_pool, infiniplex_forest_clump_tiny,
          infiniplex_forest_straight_2, infiniplex_forest_end_2,
          infiniplex_forest_clump_diagonal, infiniplex_forest_clump_diagonal

Skill      XL: |  1  2  3  4  5  6  7  8  9 10 11 12 13 |
---------------+----------------------------------------+-----
Short Blades   | 3 4 7 8 9 10 11 14 | 14.0
Dodging        | 3 7 |  7.3
Stealth        | 7 9 15 | 15.0
Necromancy     | 3 6 8 10 | 10.0
Shields        | 3 4 |  4.0
Fighting       | 11 12 | 12.0

Action                   |  1- 3 |  4- 6 |  7- 9 | 10-12 | 13-15 || total
-------------------------+-------+-------+-------+-------+-------++-------
Melee: Short sword       |    15 |   218 |       |       |       ||   233
       Punch             |       |     4 |       |     4 |       ||     8
       Rapier            |       |    43 |   166 |   491 |   125 ||   825
Throw: Stone             |     1 |     1 |       |       |       ||     2
Invok: Call Merchant     |       |       |       |     2 |       ||     2
       Potion Petition   |       |       |       |       |     1 ||     1
Evoke: Wand              |       |       |       |     2 |       ||     2
  Use: Potion            |     1 |     2 |       |     2 |     7 ||    12
       Scroll            |       |     7 |    13 |     7 |     1 ||    28
 Stab: Sleeping          |     1 |    10 |    62 |    24 |     7 ||   104
       Distracted        |       |       |     2 |     7 |       ||     9
       Petrified         |       |       |       |     1 |       ||     1
Armor: Leather armour    |     1 |       |       |       |       ||     1
       Chain mail        |       |   150 |       |       |       ||   150
       Robe              |       |       |    20 |    56 |    11 ||    87
Dodge: Dodged            |     6 |    75 |    66 |   267 |    81 ||   495
Block: Buckler           |       |       |       |    39 |    24 ||    63

Table legend: (Time is in decaauts)
 A = Elapsed time spent in this place.
 B = Non-inter-level travel time spent in this place.
 C = Inter-level travel time spent in this place.
 D = Time resting spent in this place.
 E = Time spent auto-exploring this place.
 F = Levels seen in this place.
 G = Mean time per level.
                   A        B        C        D        E       F      G
               +--------+--------+--------+--------+--------+-----+--------+
         Total |  14829 |  14164 |    665 |   1545 |  10224 |  16 |  926.8 |
       Dungeon |  12152 |  11583 |    569 |   1020 |   8740 |  12 | 1012.7 |
        Temple |    250 |    242 |      8 |    100 |    115 |   1 |  250.0 |
          Lair |   1948 |   1860 |     88 |    416 |   1195 |   2 |  974.0 |
       Ossuary |    478 |    478 |      0 |      9 |    173 |   1 |  478.0 |
               +--------+--------+--------+--------+--------+-----+--------+

Top non-repeatable levels by time:
    D:10: 2081 daAuts
  Lair:1: 1628 daAuts
     D:8: 1542 daAuts
     D:4: 1236 daAuts
     D:5: 1052 daAuts
     D:9: 1011 daAuts
     D:7: 937 daAuts
     D:2: 875 daAuts
    D:11: 870 daAuts
     D:3: 865 daAuts
     D:6: 685 daAuts
     D:1: 666 daAuts
 Ossuary: 478 daAuts
    D:12: 328 daAuts
  Lair:2: 319 daAuts

Table legend:
 A = Kills in this place as a percentage of kills in entire the game.
 B = Kills by you in this place as a percentage of kills by you in the entire game.
 C = Kills by friends in this place as a percentage of kills by friends in the entire game.
 D = Other kills in this place as a percentage of other kills in the entire game.
 E = Experience gained in this place as a percentage of experience gained in the entire game.
 F = Experience gained in this place divided by the number of levels of this place that you have seen.
                   A       B       C       D       E      F
               +-------+-------+-------+-------+-------+----------------------
         Total | 100.0 | 100.0 |   N/A |   N/A | 100.0 | 2094.4
       Dungeon |  77.4 |  77.4 |   N/A |   N/A |  78.2 | 2184.6
        Temple |   0.3 |   0.3 |   N/A |   N/A |   0.3 |  87.0
          Lair |   7.3 |   7.3 |   N/A |   N/A |  21.3 | 3561.5
       Ossuary |  15.1 |  15.1 |   N/A |   N/A |   0.3 |  85.0
               +-------+-------+-------+-------+-------+----------------------
